 Dungeon Crawl Stone Soup version 0.31.0-12-g77e489cdc1 (webtiles) character file.

Game seed: 18350876051711697193

10119 Cheops the Mimic (level 11, 0/63 HPs)
             Began as an Octopode Shapeshifter on Feb 22, 2024.
             Was a High Priest of Okawaru.
             Slain by a vampire mosquito (8 damage)
             ... on level 11 of the Dungeon.
             The game lasted 00:48:38 (15656 turns).

Cheops the Mimic (Octopode Shapeshifter)           Turns: 15656, Time: 00:48:39

Health: 0/63       AC: 14    Str: 17    XL:     11   Next: 57%
Magic:  14/14      EV: 25    Int: 19    God:    Okawaru [*****.]
Gold:   679        SH:  0    Dex: 18    Spells: 0/10 levels left

rFire   . .          .
                       - Unarmed
rCold   . . .        (shield currently unavailable)
rNeg    . . .        (helmet restricted)
rPois   .            (no amulet)
rElec   .            g - ring of willpower
rCorr   .            l - +5 ring of evasion
SInv    +            t - +4 ring of protection
Will    +....        p - +4 ring of protection
Stlth   +            s - ring of see invisible
HPRegen 0.30/turn    L - +6 ring of dexterity
MPRegen 0.14/turn    H - +6 ring of intelligence
                     I - +4 ring of protection

%: no passive effects
@: flux-form, attractive, glowing
A: glow, contaminating, almost no armour, amphibious, 8 rings, camouflage 1,
gelatinous body 1, (nimble swimmer 1), tentacles, shaggy fur 1
a: Begin Untransformation, Renounce Religion, Heroism, Finesse, Duel


You were on level 11 of the Dungeon.
You worshipped Okawaru.
Okawaru was extremely pleased with you.
You were something dangerously unstable.
You visited 2 branches of the dungeon, and saw 12 of its levels.

You collected 679 gold pieces.

Inventory:

Hand Weapons
 b - a +1 hand axe of flaming
 c - the +6 spear of Untimely Demise {elec, rC- Will+ Str+3 Dex+2}
   (You found it on level 4 of the Dungeon)

   Str+3:     It affects your strength (+3).
   Dex+2:     It affects your dexterity (+2).
   rC-:       It makes you vulnerable to cold.
   Will+:     It increases your willpower.
 d - a +2 battleaxe of freezing
Missiles
 K - 4 throwing nets (quivered)
Jewellery
 g - a ring of willpower (left tentacle)
 l - a +5 ring of evasion (right tentacle)
 p - a +4 ring of protection (on tentacle)
 s - a ring of see invisible (on tentacle)
 t - a +4 ring of protection (on tentacle)
 H - a +6 ring of intelligence (on tentacle)
 I - a +4 ring of protection (on tentacle)
 L - a +6 ring of dexterity (on tentacle)
Talismans
 A - a beast talisman
 B - a flux talisman (active)
Wands
 C - a wand of roots (2)
 D - a wand of flame (7)
 N - a wand of digging (3)
Scrolls
 a - 3 scrolls of blinking
 f - 6 scrolls of teleportation
 m - 3 scrolls of enchant armour {unknown}
 n - a scroll of immolation {unknown}
 r - 2 scrolls of summoning {unknown}
 u - 2 scrolls of revelation {unknown}
 v - a scroll of enchant weapon {unknown}
 w - a scroll of vulnerability {unknown}
 x - 3 scrolls of noise {unknown}
 F - a scroll of fear {unknown}
 J - a scroll of brand weapon {unknown}
 O - a scroll of amnesia {unknown}
Potions
 e - 2 potions of might
 h - a potion of mutation
 j - 7 potions of heal wounds {unknown}
 k - 4 potions of resistance
 o - a potion of magic
 q - 3 potions of curing
 y - a potion of enlightenment
 z - a potion of invisibility
 G - 2 potions of lignification


   Skills:
 - Level 1.0 Fighting
 - Level 4.0 Axes
 + Level 5.3 Dodging
 - Level 10.0 Unarmed Combat
 - Level 2.0 Conjurations
 - Level 4.0 Translocations
 - Level 5.0 Invocations
 - Level 2.0 Evocations
 - Level 11.3 Shapeshifting


You couldn't memorise any spells.
You knew the following spells:

 Your Spells              Type           Power      Damage    Failure   Level
b - Blink                 Tloc           30%        N/A       6%          2
l - Lesser Beckoning      Tloc           30%        N/A       6%          2
m - Momentum Strike       Conj/Tloc      22%        3d8       9%          2
p - Passage of Golubria   Tloc           15%        N/A       36%         4

Your spell library contained the following spells:

 Spells                   Type           Power      Damage    Failure   Level
 Magic Dart               Conj           28%        1d4       9%          1
 Shock                    Conj/Air       12%        1d3       14%         1
 Sandblast                Erth           0%         2d4       21%         1
 Manifold Assault         Tloc           15%        N/A       36%         4
 Stone Arrow              Conj/Erth      6%         3d7       38%         3
 Passwall                 Erth           0%         N/A       52%         3
 Swiftness                Air            0%         N/A       52%         3
 Brom's Barrelling Bould  Conj/Erth      3%         2d3       80%         4
 Airstrike                Air            0%         2d(0-16)  90%         4
 Iskenderun's Battlesphe  Conj           7%         2d6       94%         5
 Fireball                 Conj/Fire      1%         3d3       98%         5
 Silence                  Hex/Air        0%         N/A       99%         5
 Dispersal                Tloc           7%         N/A       99%         6
 Conjure Ball Lightning   Conj/Air       1%         3x3d6     100%        6
 Orb of Destruction       Conj           3%         9d5       100%        7
 Ozocubu's Refrigeration  Ice            0%         4d7       100%        7
 Disjunction              Tloc           7%         N/A       100%        8
 Lehudib's Crystal Spear  Conj/Erth      1%         10d2      100%        8
 Polar Vortex             Ice            0%         N/A       100%        9
 Call Imp                 Summ           Unusable   N/A       N/A         2
 Sculpt Simulacrum        Ice/Alch       Unusable   N/A       N/A         6

Dungeon Overview and Level Annotations

Branches:
Dungeon (11/15)            Temple (1/1) D:4
   Lair: D:8-11         Orc: D:9-12

Altars:
Ashenzari
Cheibriados
Dithmenos
Elyvilon
Fedhas
Gozag
Hepliaklqana
Kikubaaqudgha
Makhleb
Nemelex Xobeh
Okawaru
Qazlal
Ru
Sif Muna
Trog
Uskayaw
Vehumet
Wu Jian
Xom
Yredelemnul
Zin
The Shining One

Shops:
D:2 (

Annotations:
D:11 3 runed translucent doors


Innate Abilities, Weirdness & Mutations

You are something dangerously unstable.
You glow with magical radiation, making you easy to see and hit.
Foes you strike become dangerously contaminated with magical radiation.
You are incapable of wielding weapons or throwing items.
You cannot wear most types of armour.
You are amphibious.
You can wear up to eight rings at the same time.
Your skin changes colour to match your surroundings (Stealth+).
Your rubbery body absorbs attacks. (AC +1, EV +1)
((You are camouflaged when in or above water. (Stealth+)))
You have tentacles for arms and can constrict up to eight enemies at once.
You are covered in fur. (AC +1)


Message History

Unknown command.
Unknown command.
Unknown command.
Okay, then.
You pummel the orc warrior!!
The orc warrior is almost dead.
The vampire mosquito bites you.
* * * LOW HITPOINT WARNING * * *
The vampire mosquito draws strength from your injuries!
The vampire mosquito bites you but does no damage.
The howler monkey hits you but does no damage.
The howler monkey hoots and howls with incredible vigour!
You hear a shout!
Unknown command.
Unknown command.
Unknown command.
Unknown command.
You pummel the orc warrior!!
You kill the orc warrior!
Okawaru accepts your kill.
The vampire mosquito bites you but does no damage. x2
The orc wizard hits you but does no damage.
The orc hits you but does no damage.
The howler monkey hits you but does no damage. x2
Unknown command.
Unknown command.
Unknown command.
Unknown command.
Unknown command.
Unknown command.
Unknown command.
It was a potion of cancellation.
Your magical effects are unravelling.
You feel magically purged.
You feel less wooden.
You turn into something dangerously unstable.
You feel yourself slow down.
You feel a little less mighty now.
Your resistance to elements expires.
The vampire mosquito bites you!
You die...

....# ....# .....#
.##.# ##..... .##.#
..... ###..... .##.#
......#...... ....#
.....[.#..... ...
######
......#..h.#.....
.....+
......#.yhy#.....
######
.......)opo...... #
.......))h)##.... .....
# ..#.#.....# ..#
....### #
#.#.$...###+#.###....?.
+
+............>.........
#
#.#.#######.#.###......
# #.#.# #.#.#........ #
#.#.# #.#.#........ #
#.#.#######.#.#........


You could see 2 vampire mosquitoes, 3 howler monkeys, an orc wizard and an orc.

Vanquished Creatures
  Pikel (D:9)
  A komodo dragon (D:11)
  2 kobold demonologists
  A troll (D:10)
  A hornet (D:9)
  Prince Ribbit (D:6)
  2 wraiths
  2 wyverns (D:10)
  10 yaks
  Eustachio (D:6)
  Edmund (D:4)
  An acid dragon (D:10)
  Duvessa (D:7)
  A water moccasin (D:7)
  8 orc warriors
  A black bear (D:5)
  4 sky beasts
  An elephant zombie (D:7)
  2 ogres
  A wolf (D:11)
  13 centaurs
  3 phantoms
  3 lemures (D:9)
  2 bullfrogs
  2 gnoll sergeants (D:9)
  4 scorpions
  5 wights (D:8)
  Dowan (D:7)
  10 killer bees (D:9)
  7 howler monkeys
  3 bombardier beetles
  A centaur zombie (D:7)
  2 human zombies (D:7)
  2 gnoll boudas (D:8)
  3 orc priests
  3 hounds
  A jelly (D:6)
  4 sleepcaps
  2 iguanas
  11 orc wizards
  A killer bee zombie (D:7)
  An ogre zombie (D:7)
  3 hound zombies (D:7)
  4 howler monkey zombies (D:7)
  7 adders
  17 gnolls
  A white imp (D:5)
  2 adder zombies (D:7)
  A dart slug (D:1)
  59 orcs
  7 endoplasms
  3 giant cockroaches
  7 goblins
  8 hobgoblins
  A quokka (D:1)
  6 ball pythons
  8 bats
  2 frilled lizards
  6 kobolds
  5 rats
274 creatures vanquished.

Notes
Turn   | Place    | Note
-------+----------+-------------------------------------------
     0 | D:1      | Cheops the Octopode Shapeshifter began the quest for the
                  | Orb.
     0 | D:1      | Reached XP level 1. HP: 13/13 MP: 1/1
   286 | D:1      | Reached XP level 2. HP: 18/18 MP: 2/2
   763 | D:1      | Reached skill level 4 in Shapeshifting
   763 | D:1      | Reached XP level 3. HP: 23/23 MP: 3/3
  1143 | D:2      | Reached XP level 4. HP: 15/28 MP: 4/4
  1406 | D:2      | Found a faded altar of an unknown god.
  1501 | D:2      | Found Pucuogeu's Weapon Shoppe.
  1688 | D:3      | You fall into a shaft and drop 1 floor!
  1763 | D:4      | Noticed a sky beast
  1790 | D:4      | Reached skill level 5 in Shapeshifting
  1804 | D:4      | Noticed a scorpion
  1815 | D:4      | Killed a scorpion
  1816 | D:4      | Reached XP level 5. HP: 25/33 MP: 5/5
  2290 | D:3      | Found a radiant altar of Vehumet.
  2794 | D:4      | Reached skill level 6 in Shapeshifting
  2794 | D:4      | Reached XP level 6. HP: 34/38 MP: 6/6
  2816 | D:4      | Identified the +6 spear of Untimely Demise {elec, rC- Will+
                  | Str+3 Dex+2}
  2951 | D:4      | Noticed Edmund
  2959 | D:4      | Killed Edmund
  2960 | D:4      | Reached skill level 7 in Shapeshifting
  3185 | D:4      | Found a staircase to the Ecumenical Temple.
  3213 | D:4      | Reached XP level 7. HP: 43/43 MP: 7/7
  3372 | D:4      | Found a bloodstained altar of Trog.
  3429 | Temple   | Entered the Ecumenical Temple
  3480 | Temple   | Became a worshipper of Warmaster Okawaru
  3542 | D:5      | Entered Level 5 of the Dungeon
  3587 | D:5      | Reached skill level 5 in Unarmed Combat
  3917 | D:5      | Reached * piety under Okawaru
  3918 | D:5      | Reached XP level 8. HP: 48/48 MP: 8/8
  4118 | D:5      | Reached skill level 1 in Invocations
  4285 | D:6      | Reached skill level 1 in Evocations
  4352 | D:6      | Found a basalt altar of Yredelemnul.
  4369 | D:6      | Noticed Eustachio
  4378 | D:6      | Killed Eustachio
  4517 | D:6      | Found an opulent altar of Gozag.
  4525 | D:6      | Noticed Prince Ribbit
  4530 | D:6      | Killed Prince Ribbit
  4531 | D:6      | Reached skill level 5 in Invocations
  4593 | D:6      | Reached XP level 9. HP: 53/53 MP: 12/12
  4599 | D:6      | Reached ** piety under Okawaru
  5770 | D:2      | Found Pucuogeu's Weapon Shoppe.
  6098 | D:2      | Found a faded altar of an unknown god.
  6482 | D:3      | Found a radiant altar of Vehumet.
  6915 | D:4      | Found a staircase to the Ecumenical Temple.
  7178 | D:4      | Found a bloodstained altar of Trog.
  8091 | D:6      | Found an opulent altar of Gozag.
  8174 | D:6      | Found a basalt altar of Yredelemnul.
  8861 | D:7      | Found an ancient bone altar of Kikubaaqudgha.
  8905 | D:7      | Noticed Duvessa
  8908 | D:7      | Noticed Dowan
  8922 | D:7      | Killed Duvessa
  8925 | D:7      | Killed Dowan
  9450 | D:7      | Reached skill level 10 in Unarmed Combat
  9454 | D:7      | Reached skill level 8 in Shapeshifting
  9597 | D:7      | Learned a level 2 spell: Blink
  9600 | D:7      | Learned a level 2 spell: Lesser Beckoning
  9603 | D:7      | Learned a level 2 spell: Momentum Strike
  9783 | D:8      | Reached skill level 1 in Translocations
  9895 | D:8      | Reached *** piety under Okawaru
  9896 | D:8      | Reached XP level 10. HP: 54/58 MP: 13/13
 10798 | D:8      | Reached skill level 9 in Shapeshifting
 11291 | D:8      | Reached **** piety under Okawaru
 11363 | D:9      | Reached skill level 1 in Conjurations
 11411 | D:9      | Reached skill level 10 in Shapeshifting
 11468 | D:9      | Noticed a kobold demonologist
 11479 | D:9      | Killed a kobold demonologist
 11701 | D:9      | Noticed Pikel
 11745 | D:9      | Killed Pikel
 11745 | D:9      | Reached ***** piety under Okawaru
 11746 | D:9      | Reached skill level 11 in Shapeshifting
 11746 | D:9      | Reached XP level 11. HP: 34/63 MP: 14/14
 13753 | D:10     | Entered Level 10 of the Dungeon
 13774 | D:10     | Reached skill level 1 in Axes
 15544 | D:11     | Received a gift from Okawaru
 15571 | D:11     | Found a runed translucent gate.
 15571 | D:11     | Found a runed translucent gate.
 15571 | D:11     | Found a runed translucent gate.
 15588 | D:11     | Learned a level 4 spell: Passage of Golubria
 15638 | D:11     | Reached skill level 5 in Dodging
 15652 | D:11     | Gained mutation: You are covered in fur. (AC +1) [potion of
                  | mutation]
 15656 | D:11     | Slain by a vampire mosquito

Illustrated notes

Levels and vault maps discovered:
D:1:      dpeg_arrival_subterranean_lakeside_camping, layout_loops_ring,
          nrook_campfire, amcnicky_mini_pool_small, serial_bayou_crossing
D:2:      layout_basic, shapermc_ecumenical_altar_petra, serial_shops, shop,
          chequers_serial_rivers_micro_d, amcnicky_mini_corridor_feature
D:3:      layout_rooms, vehumet_altar_wand_db
D:4:      layout_cave_pods, kennysheep_mini, minmay_temple_entry_slanted,
          minmay_pentomino_pile, uniq_edmund
D:5:      layout_loops_ring, serial_bayou_lagoon_a, kennysheep_generic_room_11
D:6:      layout_basic, lemuel_tele_altar, grunt_gozag_statues,
          nicolae_the_louvre, uniq_eustachio, uniq_prince_ribbit1
D:7:      layout_loops_corners, roadster_capsule_ark_zombie, uniq_duvessa
D:8:      layout_layer_cave, special_room [special_room_orc]
D:9:      layout_basic, hangedman_abyss_or_decor_passed, grunt_ministairs_5,
          uniq_pikel
D:10:     layout_irregular_city, grunt_decor_arrowhead
D:11:     layout_basic, erik_lair_orcish_takeover, orc_0_dummy,
          gammafunk_ghost_necromancy, serial_shops, bzr_entry_dummy,
          hangedman_decor_push
Temple:   dpeg_five_rooms_temple

Skill      XL: |  1  2  3  4  5  6  7  8  9 10 11 |
---------------+----------------------------------+-----
Shapeshifting  | 4 5 6 7 8 11 | 11.3
Unarmed Combat | 6 7 10 | 10.0
Invocations    | 5 |  5.0
Evocations     | 2 |  2.0
Translocations | 1 4 |  4.0
Conjurations   | 2 |  2.0
Axes           | 4 |  4.0
Dodging        | 5 |  5.3
Fighting       | |  1.0

Action                     |  1- 3 |  4- 6 |  7- 9 | 10-12 || total
---------------------------+-------+-------+-------+-------++-------
  Melee: Unarmed           |    51 |    81 |   295 |   369 ||   796
         Constrict         |     9 |    25 |    71 |    71 ||   176
         Tentacles         |     8 |    22 |    95 |   103 ||   228
         Punch             |       |     2 |     2 |     2 ||     6
Ability: Begin Untransform |       |     3 |     4 |     4 ||    11
  Evoke: Wand              |       |     5 |       |     3 ||     8
    Use: Scroll            |       |       |       |     8 ||     8
         Potion            |       |       |       |     9 ||     9
   Stab: Sleeping          |     7 |     3 |     1 |     1 ||    12
 Armour: Skin              |    21 |    24 |    64 |   255 ||   364
  Dodge: Dodged            |    17 |    51 |   210 |   514 ||   792
   Form: Beast             |     2 |     4 |     1 |       ||     7
         Flux              |     1 |     2 |     4 |     4 ||    11
